 Dungeon Crawl Stone Soup version 0.29-a0-914-g906f1d757c (webtiles) character file.

Game seed: 1322720189685628169

34624 Mesmaeker13 the Summoner (level 13, -7/77 (78) HPs)
             Began as a Tengu Summoner on July 26, 2022.
             Was a High Priest of Cheibriados.
             Mangled by an apocalypse crab (18 damage)
             ... on level 2 of the Abyss.
             The game lasted 01:00:19 (17455 turns).

Mesmaeker13 the Summoner (Tengu Summoner)          Turns: 17455, Time: 01:00:20

HP:   -7/77 (78)    AC: 15    Str: 24    XL:     13   Next: 78%
MP:   18/34         EV: 26    Int: 39    God:    Cheibriados [*****.]
Gold: 308           SH:  0    Dex: 29    Spells: 14/27 levels left

rFire   + . .      SeeInvis .   h - +4 trident (flame)
rCold   + + .      Faith    .   (no shield)
rNeg    + . .      Spirit   .   D - +4 ring mail
rPois   .          Reflect  .   Q - +0 hat
rElec   .          Harm     .   e - +0 cloak
rCorr   .          Rampage  .   i - +2 pair of gloves of a Thousand Interlopers {rC++ rN+ Int+6}
Will    .....                   (boots unavailable)
Stlth   ++........              K - amulet of regeneration
HPRegen 1.02/turn               l - ring of protection from fire
MPRegen 0.24/turn               N - ring of magical power

@: agile, flying quickly and evasively, lightly drained, very slow
A: beak, talons 3, nimble flight
a: Renounce Religion, Bend Time, Temporal Distortion, Slouch, Step From Time


You were on level 2 of the Abyss.
You worshipped Cheibriados.
Cheibriados was extremely pleased with you.
You visited 3 branches of the dungeon, and saw 15 of its levels.
You visited the Abyss 1 time.
You also visited: Bailey.

You collected 921 gold pieces.
You spent 613 gold pieces at shops.

Inventory:

Hand Weapons
 h - a +4 trident of flaming (weapon)
 s - a +1 flail of holy wrath
Missiles
 g - 39 poisoned darts (quivered)
Armour
 e - a +0 cloak (worn)
 i - the +2 pair of gloves of a Thousand Interlopers (worn) {rC++ rN+ Int+6}
   (You bought it in a shop on level 6 of the Dungeon)

   Int:       It affects your intelligence (+6).
   rC:        It greatly protects you from cold.
   rN:        It protects you from negative energy.
 D - a +4 ring mail (worn)
 G - a +0 leather armour of poison resistance
 O - a scarf of resistance
 Q - a +0 hat (worn)
Jewellery
 l - a ring of protection from fire (left hand)
 K - an amulet of regeneration (around neck)
 N - a ring of magical power (right hand)
Wands
 n - a wand of iceblast (6)
 r - a wand of flame (46)
 M - a wand of paralysis (13)
Scrolls
 d - 2 scrolls of fear
 k - 7 scrolls of teleportation
 m - 3 scrolls of magic mapping {unknown}
 o - 3 scrolls of noise {unknown}
 t - 5 scrolls of blinking
 u - 3 scrolls of silence
 v - 2 scrolls of immolation {unknown}
 w - 11 scrolls of enchant armour
 y - 7 scrolls of enchant weapon
 A - a scroll of amnesia {unknown}
 C - 3 scrolls of poison {unknown}
 F - 3 scrolls of vulnerability {unknown}
 H - 2 scrolls of summoning
 R - 3 scrolls of acquirement {unknown}
Potions
 a - 4 potions of attraction
 b - 3 potions of magic
 c - 2 potions of cancellation
 f - 3 potions of lignification {unknown}
 j - 10 potions of curing
 p - 2 potions of flight {unknown}
 q - 8 potions of heal wounds
 x - 5 potions of mutation
 z - 2 potions of brilliance {unknown}
 B - 7 potions of might
 E - 4 potions of ambrosia
 I - 2 potions of invisibility {unknown}
 J - 2 potions of resistance {unknown}
 P - a potion of berserk rage {unknown}


   Skills:
 + Level 7.9 Fighting
 + Level 7.5 Polearms
 - Level 7.0 Armour
 - Level 7.0 Dodging
 - Level 2.0 Stealth
 - Level 7.5 Spellcasting
 - Level 5.3 Hexes
 + Level 14.0 Summonings
 - Level 12.4 Air Magic
 + Level 6.1 Invocations


You had 14 spell levels left.
You knew the following spells:

 Your Spells              Type           Power      Damage    Failure   Level
a - Summon Small Mammal   Summ           100%       N/A       0%          1
b - Call Imp              Summ           90%        N/A       0%          2
c - Call Canine Familiar  Summ           90%        N/A       1%          3
d - Summon Guardian Gole  Hex/Summ       74%        N/A       1%          3
e - Summon Lightning Spi  Summ/Air       87%        N/A       1%          4

Your spell library contained the following spells:

 Spells                   Type           Power      Damage    Failure   Level
 Poisonous Vapours        Pois/Air       100%       N/A       1%          2
 Beastly Appendage        Tmut           28%        N/A       3%          1
 Freeze                   Ice            56%        1d7       3%          1
 Magic Dart               Conj           56%        1d5       3%          1
 Sting                    Tmut/Pois      56%        1d5       3%          1
 Sublimation of Blood     Necr           14%        N/A       5%          2
 Wereblood                Tmut           14%        N/A       5%          2
 Summon Hydra             Summ           45%        N/A       10%         7
 Frozen Ramparts          Ice            28%        1d4       11%         3
 Spider Form              Tmut/Pois      14%        N/A       11%         3
 Hailstorm                Conj/Ice       14%        3d5       34%         4
 Olgreb's Toxic Radiance  Pois           14%        N/A       34%         4


Dungeon Overview and Level Annotations

Branches:
Dungeon (10/15)            Temple (1/1) D:6            Lair (4/5) D:10
  Swamp (0/4) Lair:3       Spider (0/4) Lair:3          Orc (0/2) D:9
 Bailey (visited)
  Slime: Lair:4-5

Altars:
Ashenzari
Cheibriados
Dithmenos
Elyvilon
Fedhas
Gozag
Hepliaklqana
Kikubaaqudgha
Makhleb
Nemelex Xobeh
Okawaru
Qazlal
Ru
Sif Muna
Trog
Uskayaw
Vehumet
Wu Jian
Xom
Yredelemnul
Zin
The Shining One

Shops:
D:6 [   D:8 *

Annotations:
D:4 1 runed translucent door, Protee's ghost, amateur VSEn
Lair:4 exclusion: 3 oklob plants, Sonja


Innate Abilities, Weirdness & Mutations

You have a beak for a mouth.
You have claws for feet.
Your magical nature lets you fly swiftly and evasively.


Message History

Unknown command.
Something bites you. Something claws you! Something shocks you!
* * * LOW HITPOINT WARNING * * *
Something completely misses you. x2
Your warg bites something but does no damage.
Something bites your warg!
Your warg resists with almost no effort.
Something claws your warg! Something freezes your warg!
Your warg closely misses something.
You feel much better. Something closely misses your warg.
Something claws your warg!!
Your warg dies!
Your warg's corpse disappears in a puff of smoke!
Casting: Call Canine Familiar (safe; 1% risk of failure)
Confirm with . or Enter, or press ? or * to list all spells.
Something bites you!
You are engulfed in flames.
You resist. Something closely misses you. Something bites you.
You are poisoned.
Something poisons you! Something claws you.
* * * LOW HITPOINT WARNING * * *
You feel your power leaking away.
You feel better. Something bites you!
You are engulfed in flames.
You resist.
* * * LOW HITPOINT WARNING * * *
Something claws you but does no damage.
Unknown command.
Something closely misses you. Something claws you but does no damage.
Your warg bites something.
Something misses your warg. Something closely misses your warg.
Your warg closely misses something.
Something bites your warg! Something freezes your warg!!
Your warg dies!
Your warg's corpse disappears in a puff of smoke!
Unknown command.
Casting: Call Canine Familiar (safe; 1% risk of failure)
Confirm with . or Enter, or press ? or * to list all spells.
Something bites you!
* * * LOW HITPOINT WARNING * * *
Something freezes you. You resist.
* * * LOW HITPOINT WARNING * * *
Something claws you!!
You die...

.#.....#...##
............# #.
...#.....#..#....
..........#....
.......8....#
..........#
.#..ยง..#..#
.###...####..#
..#..h@.#.# ....
..........## ...
.#.....#..## ..
##...# #..# .
#...>.#..###
....... .. #
....... ....#
.....# .....# #.#
##... #


You could see a friendly warg (summoned) and a friendly lightning spire
(summoned, invisible).

Vanquished Creatures
  A hydra (Lair:3)
  An orb spider (Lair:3)
  An elephant (Lair:4)
  2 black mambas
  A torpor snail (Lair:4)
  2 cane toads
  An unseen horror (D:10)
  A komodo dragon (Lair:2)
  A rime drake (Lair:4)
  13 blink frogs
  A wyvern (Lair:3)
  7 yaks
  A basilisk (Lair:4)
  Edmund (D:4)
  An acid dragon (D:9)
  4 water moccasins
  2 orc warriors (Bailey)
  2 ogres
  6 wolves (Lair:2)
  2 centaurs
  10 bullfrogs
  2 wights (D:7)
  2 killer bees
  An electric eel (Lair:3)
  A hound (D:6)
  A jelly (D:6)
  An iguana (D:5)
  2 orc wizards (D:5)
  2 gnolls
  4 adders
  4 river rats (D:6)
  A white imp (D:6)
  2 dart slugs (D:5)
  23 orcs
  10 bats
  7 endoplasms
  2 hobgoblins (D:2)
  6 jackals
  4 kobolds
  3 ball pythons
  2 frilled lizards (D:1)
  12 goblins
  9 rats
162 creatures vanquished.

Vanquished Creatures (collateral kills)
  A boulder beetle (Lair:4)
  2 elephants (Lair:1)
  A black mamba (Lair:4)
  2 gargoyles
  A torpor snail (Lair:2)
  A molten gargoyle (Lair:1)
  4 cane toads
  An unseen horror (D:9)
  4 rime drakes
  2 komodo dragons
  A polar bear (Lair:2)
  2 hornets
  Prince Ribbit (D:8)
  A tyrant leech (Lair:3)
  10 blink frogs
  3 dream sheep (Lair:4)
  A wyvern (D:8)
  10 yaks
  Sigmund (D:5)
  A basilisk (Lair:3)
  3 steam dragons
  2 wargs (D:10)
  2 swamp worms (Lair:3)
  2 acid dragons (D:10)
  5 water moccasins
  5 orc warriors
  3 black bears
  An ice beast (D:5)
  5 wolves (Lair:2)
  A phantom (D:5)
  2 kobold brigands (D:8)
  2 necrophages
  8 bullfrogs
  3 scorpions
  12 wights (D:7)
  14 killer bees
  A howler monkey (D:8)
  A nameless horror (D:10)
  4 jellies
  6 orc priests
  An iguana (D:6)
  Ijyb (D:3)
  10 orc wizards
  8 gnolls
  7 adders
  A river rat (D:6)
  41 orcs
  2 ball pythons
  3 bats
  An endoplasm (D:4)
  11 goblins
  3 hobgoblins
  2 jackals
  6 kobolds
  2 quokkas (D:4)
  A frilled lizard (D:2)
  12 rats
244 creatures vanquished.

Vanquished Creatures (others)
  A two-headed ogre (D:10)
  4 elephants
  A blink frog (Lair:1)
  13 yaks
  A steam dragon (D:6)
  An acid dragon (D:9)
  2 orc warriors (Bailey)
  An ice beast (D:8)
  A gnoll sergeant (D:8)
  A howler monkey (D:8)
  An orc wizard (D:5)
  A gnoll (D:8)
  5 orcs
  24 fungi
  38 plants
  2 withered plants (D:4)
97 creatures vanquished.

Grand Total: 503 creatures vanquished

Notes
Turn   | Place    | Note
-------+----------+-------------------------------------------
     0 | D:1      | Mesmaeker13 the Tengu Summoner began the quest for the Orb.
     0 | D:1      | Reached XP level 1. HP: 10/10 MP: 4/4
   250 | D:1      | Reached skill level 5 in Summonings
   377 | D:1      | Found a faded altar of an unknown god.
   389 | D:1      | Reached XP level 2. HP: 15/15 MP: 4/6
   413 | D:1      | Got Plato's Quarto of Striking
  1092 | D:1      | Reached XP level 3. HP: 16/19 MP: 7/7
  1351 | D:2      | Learned a level 2 spell: Call Imp
  1861 | D:2      | Reached XP level 4. HP: 22/24 MP: 6/9
  2337 | D:3      | Learned a level 3 spell: Call Canine Familiar
  2666 | D:3      | Noticed Ijyb
  2677 | D:3      | Killed Ijyb
  2919 | D:3      | Gained mutation: Your magical nature lets you fly swiftly
                  | and evasively. [Tengu growth]
  2919 | D:3      | Reached XP level 5. HP: 28/28 MP: 4/10
  3370 | D:3      | Reached skill level 6 in Summonings
  3472 | D:3      | Noticed an ogre
  3502 | D:3      | Killed an ogre
  3503 | D:3      | Reached XP level 6. HP: 31/32 MP: 5/12
  3713 | D:3      | Learned a level 3 spell: Summon Guardian Golem
  3792 | D:4      | Noticed Edmund
  3837 | D:4      | Killed Edmund
  4052 | D:4      | Reached skill level 1 in Hexes
  4052 | D:4      | Reached XP level 7. HP: 36/36 MP: 8/14
  4233 | D:4      | Found a runed translucent door.
  4233 | D:4      | Noticed Protee's ghost (amateur VSEn)
  4355 | D:5      | Entered Level 5 of the Dungeon
  4362 | D:5      | Noticed Sigmund
  4670 | D:5      | Reached skill level 5 in Dodging
  4670 | D:5      | Reached skill level 7 in Summonings
  5109 | D:5      | Killed Sigmund
  5110 | D:5      | Reached XP level 8. HP: 39/41 MP: 10/15
  5275 | D:5      | Reached skill level 5 in Spellcasting
  5519 | D:5      | Reached skill level 8 in Summonings
  5733 | D:5      | Learned a level 4 spell: Summon Lightning Spire
  6044 | D:6      | Noticed a yak
  6044 | D:6      | Noticed a yak
  6044 | D:6      | Noticed a yak
  6044 | D:6      | Noticed a yak
  6044 | D:6      | Noticed a yak
  6056 | D:6      | Killed a yak
  6057 | D:6      | Reached skill level 1 in Air Magic
  6065 | D:6      | Killed a yak
  6067 | D:6      | Killed a yak
  6068 | D:6      | Reached XP level 9. HP: 45/45 MP: 16/18
  6655 | D:6      | Found a staircase to the Ecumenical Temple.
  6667 | Temple   | Entered the Ecumenical Temple
  7040 | D:6      | Found Paiwes's Armour Shoppe.
  7257 | D:6      | Reached skill level 9 in Summonings
  7341 | D:7      | Reached skill level 1 in Armour
  7497 | D:7      | Found a flagged portal.
  7513 | Bailey   | Entered a bailey
  7635 | Bailey   | Reached skill level 5 in Air Magic
  7700 | Bailey   | Reached skill level 5 in Armour
  7700 | Bailey   | Reached skill level 5 in Hexes
  7700 | Bailey   | Reached skill level 10 in Summonings
  7700 | Bailey   | Reached XP level 10. HP: 50/50 MP: 19/22
  7774 | Bailey   | Reached XP level 11. HP: 33/55 MP: 15/23
  7939 | D:7      | Reached skill level 1 in Fighting
  8065 | D:7      | You are sucked into a shaft and drop 3 floors!
  8065 | D:10     | Entered Level 10 of the Dungeon
  8515 | D:10     | Reached skill level 11 in Summonings
  8604 | D:10     | Found a staircase to the Lair.
  9328 | D:10     | Reached skill level 10 in Air Magic
  9606 | D:10     | Noticed a two-headed ogre
  9616 | D:10     | Killed a two-headed ogre
 10097 | D:7      | Found an ancient bone altar of Kikubaaqudgha.
 10853 | D:8      | Found Zytirghi's Lightly-Used Armoury.
 10891 | D:8      | Found a bloodstained altar of Trog.
 10908 | D:8      | Found a sacrificial altar of Ru.
 10914 | D:8      | Found a hazy altar of Hepliaklqana.
 10916 | D:8      | Found a broken altar of Ashenzari.
 10918 | D:8      | Found an opulent altar of Gozag.
 10922 | D:8      | Found a snail-covered altar of Cheibriados.
 10926 | D:8      | Became a worshipper of Cheibriados the Contemplative
 10998 | D:8      | Noticed Prince Ribbit
 11011 | D:8      | Killed Prince Ribbit
 11045 | D:8      | Reached skill level 1 in Polearms
 11266 | D:6      | Bought the +2 pair of gloves of a Thousand Interlopers
                  | {rC++ rN+ Int+6} for 613 gold pieces
 11615 | D:9      | Reached * piety under Cheibriados
 11703 | D:9      | Reached skill level 1 in Invocations
 12008 | D:9      | Reached XP level 12. HP: 67/67 MP: 21/24
 12057 | D:9      | Found a staircase to the Orcish Mines.
 12144 | D:9      | Reached ** piety under Cheibriados
 12822 | D:10     | Reached skill level 12 in Summonings
 13005 | Lair:1   | Entered Level 1 of the Lair of Beasts
 13167 | Lair:1   | Identified the +2 robe of an ossuary {rF+}
 13249 | Lair:1   | Reached skill level 5 in Fighting
 13634 | Lair:1   | Reached *** piety under Cheibriados
 14379 | Lair:2   | Reached skill level 5 in Polearms
 14395 | Lair:2   | Reached **** piety under Cheibriados
 14556 | Lair:2   | Reached skill level 13 in Summonings
 14655 | Lair:2   | Reached XP level 13. HP: 75/75 MP: 25/25
 15573 | Lair:3   | Reached ***** piety under Cheibriados
 15690 | Lair:3   | Reached skill level 5 in Invocations
 15923 | Lair:3   | Found a hole to the Spider Nest.
 16189 | Lair:3   | Found a staircase to the Swamp.
 17128 | Lair:4   | Reached skill level 14 in Summonings
 17411 | Lair:4   | Noticed Sonja
 17419 | Abyss:2  | Cast into level 2 of the Abyss (Sonja)
 17455 | Abyss:2  | Mangled by an apocalypse crab

Illustrated notes

Levels and vault maps discovered:
D:1:      lightli_arrival_farm, layout_loops_ring,
          shapermc_ecumenical_altar_rom_forum, minmay_tetromino_s4
D:2:      layout_basic, minmay_between
D:3:      kennysheep_goblin_castle, layout_basic, minmay_ogre_servants
D:4:      layout_rooms, gammafunk_ghost_grave, uniq_edmund
D:5:      layout_cave_pools, minmay_statues_item, nicolae_titane, uniq_sigmund
D:6:      layout_basic, minmay_temple_entry_antechambers, serial_shops,
          nicolae_lakefront_shop, dk_rats_in_the_wall
D:7:      layout_rooms, kiku_gazebo_garden_becter, enter_bailey_2,
          grunt_decor_cap
D:8:      layout_rooms, nicolae_overflow_hallway_of_the_gods, hex_large,
          st_stairs_11, minmay_door_square, minmay_shop_damaged,
          minmay_joined_circles, uniq_prince_ribbit1
D:9:      layout_loops_ring, hiddenorc1_lemuel
D:10:     layout_layer_cave, erik_lair_orcish_takeover, grunt_decor_one_mirror
Temple:   bh_familiar_temple
Lair:1:   layout_gridlike, serial_bayou_shore_b
Lair:2:   layout_cave_pods, chequers_serial_rivers_micro_b
Lair:3:   layout_regular_city, minmay_swamp_entry_worms,
          nicolae_spider_entry_orb_guardian, cheibrodos_lair_reptile_den,
          infiniplex_staircase_pool
Lair:4:   layout_layer_cave, minmay_slime_entry_oklob_open, grunt_megastairs_2,
          lemuel_fruit_tree, uniq_sonja
Abyss:2:  base: D:9, evilmike_abyss_exit_9

Skill      XL: |  1  2  3  4  5  6  7  8  9 10 11 12 13 |
---------------+----------------------------------------+-----
Summonings     | 5 6 7 8 10 11 13 14 | 14.0
Dodging        | 3 4 5 6 7 |  7.0
Spellcasting   | 3 4 5 7 |  7.5
Hexes          | 1 2 3 5 |  5.3
Air Magic      | 2 9 11 12 | 12.4
Armour         | 5 7 |  7.0
Fighting       | 4 6 7 |  7.9
Polearms       | 2 5 7 |  7.5
Invocations    | 1 4 6 |  6.1
Stealth        | |  2.0

Action                   |  1- 3 |  4- 6 |  7- 9 | 10-12 | 13-15 || total
-------------------------+-------+-------+-------+-------+-------++-------
Melee: Dagger            |    57 |    39 |       |       |       ||    96
       Unarmed           |     2 |       |       |       |       ||     2
       Kick              |    16 |    11 |    21 |    64 |    42 ||   154
       Peck              |     6 |     7 |    16 |    43 |    21 ||    93
       Rapier            |       |    13 |       |       |       ||    13
       Whip              |       |     9 |    43 |       |       ||    52
       Trident           |       |       |    72 |   187 |   130 ||   389
       Spear             |       |       |       |    37 |       ||    37
       Punch             |       |       |       |     3 |     3 ||     6
Throw: Dart              |       |       |    22 |     4 |       ||    26
 Cast: Summon Small Mamm |    16 |     2 |     1 |     1 |       ||    20
       Call Imp          |     6 |    12 |     3 |     1 |     2 ||    24
       Call Canine Famil |       |     9 |    20 |    24 |    17 ||    70
       Summon Guardian G |       |     2 |    11 |    17 |     4 ||    34
       Summon Lightning  |       |       |     3 |    57 |    31 ||    91
Evoke: Wand              |       |     5 |    10 |    11 |    13 ||    39
  Use: Scroll            |       |     8 |     3 |     5 |     2 ||    18
       Potion            |       |       |     3 |     1 |     2 ||     6
 Stab: Sleeping          |     5 |     4 |     2 |     2 |       ||    13
       Paralysed         |       |       |     2 |       |       ||     2
       Distracted        |       |       |     3 |     8 |     5 ||    16
Armor: Robe              |    16 |    14 |     5 |       |       ||    35
       Ring mail         |       |       |     9 |    90 |    32 ||   131
       Leather armour    |       |       |       |     7 |       ||     7
Dodge: Dodged            |    37 |    58 |    73 |   265 |   135 ||   568

Table legend: (Time is in decaauts)
 A = Elapsed time spent in this place.
 B = Non-inter-level travel time spent in this place.
 C = Inter-level travel time spent in this place.
 D = Time resting spent in this place.
 E = Time spent auto-exploring this place.
 F = Levels seen in this place.
 G = Mean time per level.
                   A        B        C        D        E       F      G
               +--------+--------+--------+--------+--------+-----+--------+
         Total |  19700 |  18958 |    742 |   3044 |  11043 |  17 | 1158.8 |
       Dungeon |  12551 |  11983 |    568 |   2351 |   6276 |  10 | 1255.1 |
        Temple |    189 |    171 |     18 |      0 |    166 |   1 |  189.0 |
          Lair |   6490 |   6335 |    155 |    487 |   4600 |   4 | 1622.5 |
         Abyss |     57 |     57 |      0 |      0 |      0 |   1 |   57.0 |
        Bailey |    412 |    412 |      0 |    206 |      0 |   1 |  412.0 |
               +--------+--------+--------+--------+--------+-----+--------+

Top non-repeatable levels by time:
    D:10: 2510 daAuts
  Lair:2: 1817 daAuts
  Lair:3: 1678 daAuts
  Lair:1: 1502 daAuts
  Lair:4: 1492 daAuts
     D:1: 1366 daAuts
     D:5: 1353 daAuts
     D:3: 1328 daAuts
     D:9: 1232 daAuts
     D:6: 1222 daAuts
     D:2: 977 daAuts
     D:8: 912 daAuts
     D:4: 832 daAuts
     D:7: 815 daAuts
  Bailey: 412 daAuts
